 Dungeon Crawl Stone Soup version 0.29.1-2-gbd0b4ee654 (webtiles) character file.

Game seed: 6430047636828746202

72158 Lutefisk the Warrior (level 15, -9/167 HPs)
             Began as an Ogre Cinder Acolyte on Nov 15, 2022.
             Was a High Priest of Ignis.
             Mangled by an Executioner (21 damage)
             ... on level 2 of the Abyss on Nov 16, 2022.
             The game lasted 02:02:28 (13791 turns).

Lutefisk the Warrior (Ogre Cinder Acolyte)         Turns: 13791, Time: 02:02:29

Health: -9/167     AC: 12    Str: 21    XL:     15   Next: 39%
Magic:  3/27       EV: 11    Int: 19    God:    Ignis [*****.]
Gold:   2295       SH:  0    Dex:  6    Spells: 13/38 levels left

rFire   + . .      SeeInvis .   T - +3 war axe of Big Damage {spect, rPois rCorr}
rCold   + . .      Faith    .   (no shield)
rNeg    + . .      Spirit   .   V - +3 robe of Omission {rC+ Regen+ Str+3}
rPois   +          Reflect  .   Q - +0 hat
rElec   .          Harm     .   u - +0 cloak
rCorr   +          Rampage  .   (gloves unavailable)
Will    +....                   (boots unavailable)
Stlth   +.........              F - amulet of regeneration
HPRegen 1.97/turn               m - +4 ring of protection
MPRegen 0.20/turn               E - ring of Gazotev {rN+ rCorr}

@: no status effects
A: large, unfitting armour, tough skin 1, [low MP 1], [weak 2]
a: Renounce Religion, Fiery Armour, Foxfire Swarm, Rising Flame


You were on level 2 of the Abyss.
You worshipped Ignis.
Ignis was extremely pleased with you.
You visited 4 branches of the dungeon, and saw 22 of its levels.
You visited the Abyss 1 time.
You also visited: Bailey.

You collected 2328 gold pieces.
You spent 33 gold pieces at shops.

Inventory:

Hand Weapons
 D - the +5 sling "Cymim" {flame, rC+}
   (You found it on level 12 of the Dungeon)

   Any ammunition fired from it burns those it strikes, dealing additional fire
   damage.
   rC:        It protects you from cold.
 T - the +3 war axe of Big Damage (weapon) {spect, rPois rCorr}
   (You found it on level 3 of the Lair of Beasts)

   When its wielder attacks, the weapon's spirit leaps out and strikes again.
   The spirit shares a part of any damage it takes with its wielder.
   rPois:     It protects you from poison.
   rCorr:     It protects you from acid and corrosion.
Missiles
 b - 38 poisoned darts
 c - 36 javelins
 h - 11 large rocks (quivered)
 j - a curare-tipped dart
 o - 11 atropa-tipped darts
 Y - 10 throwing nets
Armour
 u - a +0 cloak (worn)
 K - a +0 tower shield
 Q - a +0 hat (worn)
 V - the +3 robe of Omission (worn) {rC+ Regen+ Str+3}
   (You found it on level 12 of the Dungeon)

   Str:       It affects your strength (+3).
   rC:        It protects you from cold.
   Regen:     It increases your rate of health regeneration.
Magical Staves
 w - a staff of air
Jewellery
 e - a ring of positive energy
 m - a +4 ring of protection (left hand)
 E - the ring of Gazotev (right hand) {rN+ rCorr}
   (You acquired it on level 13 of the Dungeon)

   [ring of resist corrosion]

   rN:        It protects you from negative energy.
   rCorr:     It protects you from acid and corrosion.
 F - an amulet of regeneration (around neck)
 J - a +6 ring of dexterity
 L - a ring of poison resistance
 Z - a ring of ice
Wands
 i - a wand of iceblast (4)
 q - a wand of polymorph (17)
 v - a wand of paralysis (13)
 N - a wand of quicksilver (6)
 R - a wand of flame (6)
Scrolls
 g - 2 scrolls of immolation
 p - 3 scrolls of magic mapping
 t - a scroll of torment
 y - 4 scrolls of silence
 A - 3 scrolls of vulnerability
 B - 2 scrolls of amnesia
 C - 5 scrolls of enchant weapon
 G - 4 scrolls of enchant armour
 H - a scroll of brand weapon
 P - 4 scrolls of poison
Potions
 a - 5 potions of resistance
 d - 2 potions of invisibility
 f - 4 potions of lignification
 k - 2 potions of attraction
 l - 12 potions of curing
 n - 6 potions of magic
 r - 2 potions of berserk rage
 s - 5 potions of might
 x - a potion of haste {unknown}
 z - 2 potions of flight
 M - 2 potions of ambrosia
 S - 2 potions of brilliance
 U - 3 potions of heal wounds
 X - a potion of mutation
Miscellaneous
 W - a phantom mirror (inert)


   Skills:
 - Level 15.0 Fighting
 - Level 3.0 Polearms
 - Level 1.0 Throwing
 - Level 9.0 Armour
 - Level 9.0 Dodging
 * Level 1.7 Stealth
 * Level 6.9 Shields
 - Level 12.0 Spellcasting
 - Level 4.0 Conjurations
 - Level 2.6 Fire Magic
 - Level 13.0 Ice Magic
 - Level 3.0 Air Magic
 - Level 2.0 Evocations


You had 13 spell levels left.
You knew the following spells:

 Your Spells              Type           Power      Damage    Failure   Level
a - Scorch                Fire           42%        2d7       3%          2
b - Frozen Ramparts       Ice            100%       1d16      1%          3
c - Searing Ray           Conj           52%        2d6       1%          2
d - Freezing Cloud        Conj/Ice/Air   18%        6-21      11%         5
e - Swiftness             Air            22%        N/A       5%          3
f - Mephitic Cloud        Conj/Pois/Air  20%        N/A       7%          3
g - Ozocubu's Refrigerat  Ice            28%        4d13      24%         7

Your spell library contained the following spells:

 Spells                   Type           Power      Damage    Failure   Level
 Magic Dart               Conj           100%       1d8       1%          1
 Shock                    Conj/Air       96%        1d9       1%          1
 Summon Small Mammal      Summ           44%        N/A       6%          1
 Dazzling Flash           Conj/Hex       38%        N/A       8%          3
 Stone Arrow              Conj/Erth      38%        3d9       8%          3
 Airstrike                Air            11%        2d(2-18)  17%         4
 Call Canine Familiar     Summ           11%        N/A       19%         3
 Gell's Gravitas          Tloc           11%        N/A       19%         3
 Lesser Beckoning         Tloc           11%        N/A       19%         3
 Portal Projectile        Hex/Tloc       22%        N/A       19%         3
 Summon Guardian Golem    Hex/Summ       11%        N/A       19%         3
 Teleport Other           Tloc           11%        N/A       19%         3
 Tukima's Dance           Hex            11%        N/A       19%         3
 Fulminant Prism          Conj/Hex       9%         3d7       26%         4
 Iskenderun's Mystic Bla  Conj/Tloc      19%        2d6       26%         4
 Animate Armour           Summ/Erth      22%        N/A       52%         4
 Olgreb's Toxic Radiance  Pois           11%        N/A       52%         4
 Passage of Golubria      Tloc           11%        N/A       52%         4
 Irradiate                Conj/Tmut      9%         3d14      58%         5
 Silence                  Hex/Air        8%         N/A       65%         5
 Alistair's Intoxication  Tmut/Pois      7%         N/A       86%         5
 Blade Hands              Tmut           5%         N/A       86%         5
 Borgnjor's Vile Clutch   Necr/Erth      5%         N/A       86%         5
 Starburst                Conj/Fire      12%        6d5       93%         6
 Iron Shot                Conj/Erth      9%         9d3       99%         6
 Eringya's Noxious Bog    Tmut/Pois      5%         N/A       100%        6
 Dragon Form              Tmut           5%         N/A       100%        7
 Ignition                 Fire           10%        3d5       100%        8
 Lehudib's Crystal Spear  Conj/Erth      9%         10d4      100%        8
 Polar Vortex             Ice            28%        N/A       100%        9


Dungeon Overview and Level Annotations

Branches:
Dungeon (14/15)            Temple (1/1) D:5            Lair (5/5) D:9
  Swamp (0/4) Lair:2       Spider (0/4) Lair:2        Slime (0/5) Lair:5
    Orc (2/2) D:11            Elf (0/3) Orc:2        Bailey (visited)
 Vaults: D:13-14

Altars:
Ashenzari
Cheibriados
Dithmenos
Elyvilon
Fedhas
Gozag
Hepliaklqana
Kikubaaqudgha
Makhleb
Nemelex Xobeh
Okawaru
Qazlal
Ru
Sif Muna
Trog
Uskayaw
Vehumet
Wu Jian
Xom
Yredelemnul
Zin
The Shining One
Lugonu

Shops:
D:3 !   D:14 [

Portals:
Abyss: Lair:5
Trove: D:11 (give 17 potions of curing)

Annotations:
D:4 Dowan, Duvessa, Edmund, Pikel
D:14 Roxanne
Lair:1 2 transporters
Lair:2 exclusion: oklob plant
Lair:5 3 runed translucent doors
Orc:2 Donald


Innate Abilities, Weirdness & Mutations

You are too large for most types of armour.
You have tough skin. (AC +1)
[Your magical capacity is low. (-10% MP)]
[You are very weak. (Str -4)]


Message History

Aiming: Quicksilver Bolt
Press: ? - help, Shift-Dir - straight line, f/p - Executioner
Aim: an Executioner (freezing vapour, severely wounded, fast, 53% to hit)
Okay, then.
Unknown command.
As you read the scroll of summoning, it crumbles to dust.
Wisps of shadow whirl around you...
The raiju barks!
The Executioner is engulfed in freezing vapours.
The Executioner misses you.
The Executioner hits you but does no damage.
The Executioner hits you.
The Executioner is engulfed in freezing vapours.
The Executioner hits you but does no damage. x3
The raiju is engulfed in freezing vapours.
The raiju bites your small abomination!
The raiju shocks your small abomination!
The Executioner is engulfed in freezing vapours.
The Executioner hits you. The Executioner completely misses you.
The Executioner hits you.
Unknown command.
You swap places.
The Executioner is engulfed in freezing vapours. x2
The Executioner hits you!
* * * LOW HITPOINT WARNING * * *
The Executioner hits you but does no damage. x2
The raiju bursts into living lightning!
The living lightning hits the raiju.
The raiju completely resists.
The living lightning hits your small abomination!!
Your small abomination is destroyed!
Your small abomination dissolves into shadows!
The living lightning hits your raiju.
Your raiju completely resists.
The living lightning hits you!!
* * * LOW HITPOINT WARNING * * *
The raiju blinks! x3
The raiju is engulfed in freezing vapours.
The Executioner is engulfed in freezing vapours.
The Executioner hits you!!
You die...

. . # ####..# .
######.###.#.#. #
#§##1@h..h..### #
.
#hhh.#.#....##..#
#.§§§##§.#.h.##.#
.# .§#.
##2..####.. ### #
.#####.. #..# . #
..#. .....# . .
##.#.. ..#. # ..
#. ..##. ##..# .


You could see an Executioner (fast, ally target), 2 raiju, a friendly blizzard
demon (summoned) and 4 friendly raiju.

Vanquished Creatures
  A cacodemon (Abyss:2)
  A starcursed mass (Abyss:2)
  Snorg (D:13)
  Josephine (D:12)
  Fannar (Lair:3)
  5 boulder beetles
  6 hydras
  A two-headed ogre (D:12)
  A catoblepas (Lair:5)
  7 centaur warriors
  5 death yaks (Lair:1)
  4 thrashing horrors (Lair:5)
  An orc high priest (Bailey)
  A wretched star (Abyss:2)
  Lodul (D:14)
  A shadow demon (Abyss:2)
  A lindwurm (Lair:4)
  8 ugly things
  A bog body (Lair:2)
  3 orc knights
  A necromancer (D:13)
  5 orc sorcerers
  A harpy (shapeshifter) (Lair:5)
  A deep elf pyromancer (D:11)
  3 cyclopes
  A manticore (D:14)
  8 black mambas
  3 smoke demons (Lair:5)
  11 elephants (Lair:1)
  A rust devil (D:10)
  4 cane toads
  2 gargoyles
  2 rime drakes
  7 komodo dragons
  An unseen horror (D:10)
  3 ancient zymes
  7 trolls
  2 meliai
  2 polar bears
  A polar bear (shapeshifter) (D:14)
  Prince Ribbit (D:9)
  A hornet (D:11)
  7 dream sheep
  4 slime creatures (D:12)
  13 blink frogs (Lair:5)
  A centaur simulacrum (D:14)
  A spriggan (shapeshifter) (D:13)
  2 ynoxinuls (Lair:5)
  A spriggan (Lair:5)
  8 wraiths
  A wyvern (Lair:3)
  Eustachio (D:4)
  5 basilisks
  19 yaks
  A vampire (D:12)
  A neqoxec (Abyss:2)
  A chaos spawn (Lair:5)
  4 vampire mosquitoes (D:14)
  A warg (Orc:2)
  3 large abominations
  12 water moccasins
  An acid dragon (D:10)
  34 orc warriors
  3 black bears
  A sky beast (D:6)
  10 ogres
  17 wolves
  11 centaurs
  A phantom (D:7)
  2 kobold brigands
  11 bullfrogs
  2 gnoll sergeants
  A necrophage (D:5)
  A scorpion (D:6)
  5 wights (D:9)
  9 small abominations
  11 killer bees
  6 electric eels (Bailey)
  11 howler monkeys
  5 hounds
  2 jellies
  8 orc priests
  A gnoll bouda (D:6)
  An iron imp (Abyss:2)
  3 iguanas
  Terence (D:3)
  11 orc wizards
  Natasha (D:4)
  Robin (D:4)
  23 gnolls
  8 adders
  2 shadow imps
  3 white imps
  2 ufetubi
  A dart slug (D:4)
  45 orcs
  6 ball pythons
  12 endoplasms
  6 giant cockroaches
  22 goblins
  13 hobgoblins
  12 kobolds
  4 quokkas
  6 bats
  9 frilled lizards
  7 rats
  A lurking horror (Abyss:2)
558 creatures vanquished.

Vanquished Creatures (others)
  24 fungi
  A lurking horror (Abyss:2)
  11 plants
36 creatures vanquished.

Grand Total: 594 creatures vanquished

Notes
Turn   | Place    | Note
-------+----------+-------------------------------------------
     0 | D:1      | Lutefisk the Ogre Cinder Acolyte began the quest for the
                  | Orb.
     0 | D:1      | Reached XP level 1. HP: 24/24 MP: 2/2
    83 | D:1      | Reached XP level 2. HP: 25/33 MP: 3/3
   151 | D:1      | Learned a level 2 spell: Scorch
   215 | D:1      | Reached skill level 5 in Fighting
   380 | D:1      | Reached XP level 3. HP: 32/42 MP: 1/4
   913 | D:2      | Reached skill level 6 in Fighting
   913 | D:2      | Reached XP level 4. HP: 36/52 MP: 2/7
  1040 | D:3      | Found a snail-covered altar of Cheibriados.
  1070 | D:3      | Reached skill level 1 in Dodging
  1152 | D:3      | Reached skill level 1 in Throwing
  1274 | D:3      | Noticed Terence
  1387 | D:3      | Reached XP level 5. HP: 59/59 MP: 5/9
  1399 | D:3      | Found Fups's Distillery.
  1405 | D:3      | Bought a potion of curing for 33 gold pieces
  1538 | D:4      | Noticed Edmund
  1544 | D:3      | Killed Terence
  1545 | D:3      | Reached skill level 1 in Armour
  1627 | D:4      | Noticed Robin
  1643 | D:4      | Killed Robin
  1716 | D:4      | Noticed Natasha
  1719 | D:4      | Found a radiant altar of Vehumet.
  1724 | D:4      | Killed Natasha
  1725 | D:4      | Reached skill level 7 in Fighting
  1725 | D:4      | Reached XP level 6. HP: 71/71 MP: 5/11
  1827 | D:4      | Noticed Duvessa
  1827 | D:4      | Noticed Dowan
  1829 | D:4      | Noticed Pikel
  1838 | D:5      | Entered Level 5 of the Dungeon
  1841 | D:5      | Noticed a water moccasin
  1846 | D:5      | Killed a water moccasin
  1938 | D:5      | Reached XP level 7. HP: 58/79 MP: 1/13
  1987 | D:5      | Reached skill level 8 in Fighting
  2194 | D:5      | Reached skill level 5 in Spellcasting
  2292 | D:5      | Found a sparkling altar of Nemelex Xobeh.
  2297 | D:5      | Found a stormy altar of Qazlal.
  2313 | D:5      | Reached XP level 8. HP: 18/89 MP: 3/15
  2314 | D:5      | Reached skill level 9 in Fighting
  2659 | D:4      | Noticed Eustachio
  2694 | D:4      | Killed Eustachio
  2695 | D:4      | Reached skill level 10 in Fighting
  3066 | D:5      | Got the Catalogue of Cold
  3075 | D:5      | Learned a level 3 spell: Frozen Ramparts
  3098 | D:5      | Found a staircase to the Ecumenical Temple.
  3104 | Temple   | Entered the Ecumenical Temple
  3134 | D:6      | Reached skill level 1 in Ice Magic
  3223 | D:6      | Found a white marble altar of Elyvilon.
  3549 | D:6      | Reached XP level 9. HP: 96/101 MP: 18/18
  3773 | D:7      | Reached skill level 1 in Conjurations
  3773 | D:7      | Reached skill level 1 in Air Magic
  4106 | D:7      | Reached skill level 1 in Evocations
  4130 | D:7      | Learned a level 2 spell: Searing Ray
  4293 | D:7      | Found a hide-covered altar of Uskayaw.
  4464 | D:8      | Found a flagged portal.
  4468 | Bailey   | Entered a bailey
  4479 | Bailey   | Reached skill level 5 in Dodging
  4831 | Bailey   | Reached XP level 10. HP: 91/110 MP: 1/20
  4958 | Bailey   | Learned a level 5 spell: Freezing Cloud
  4966 | Bailey   | Found an iron altar of Okawaru.
  4966 | Bailey   | Noticed an orc high priest
  4966 | Bailey   | Noticed an orc sorcerer
  4974 | Bailey   | Noticed a rust devil
  4977 | Bailey   | Killed an orc sorcerer
  5050 | Bailey   | Noticed an orange demon
  5067 | Bailey   | Killed an orc high priest
  5068 | Bailey   | Reached skill level 11 in Fighting
  5100 | Bailey   | Got Sif Muna's Dissertation on the Grounded Spider
  5214 | D:8      | Found an ancient bone altar of Kikubaaqudgha.
  5372 | D:8      | Acquired an amulet of regeneration
  5633 | D:8      | Learned a level 3 spell: Swiftness
  5637 | D:8      | Learned a level 3 spell: Mephitic Cloud
  5675 | D:8      | Found a glowing golden altar of the Shining One.
  5958 | D:9      | Noticed Prince Ribbit
  5974 | D:9      | Found an iron altar of Okawaru.
  5976 | D:9      | Killed Prince Ribbit
  6060 | D:9      | Reached skill level 5 in Ice Magic
  6229 | D:9      | Found an opulent altar of Gozag.
  6366 | D:9      | Found a staircase to the Lair.
  6455 | Lair:1   | Entered Level 1 of the Lair of Beasts
  6551 | Lair:1   | Noticed a cane toad
  6551 | Lair:1   | Noticed an elephant
  6551 | Lair:1   | Noticed an elephant
  6551 | Lair:1   | Noticed an elephant
  6551 | Lair:1   | Noticed an elephant
  6551 | Lair:1   | Noticed an elephant
  6556 | Lair:1   | Killed a cane toad
  6558 | Lair:1   | Killed an elephant
  6558 | Lair:1   | Noticed an elephant
  6559 | Lair:1   | Killed an elephant
  6560 | Lair:1   | Reached XP level 11. HP: 102/120 MP: 13/23
  6716 | Lair:1   | Noticed a death yak
  6717 | Lair:1   | Noticed a death yak
  6717 | Lair:1   | Noticed a death yak
  6718 | Lair:1   | Noticed a death yak
  6720 | Lair:1   | Noticed a death yak
  6756 | Lair:1   | Reached skill level 12 in Fighting
  7024 | Lair:1   | Found a transporter.
  7059 | Lair:1   | Found a transporter.
  7505 | Lair:2   | Reached skill level 5 in Armour
  7527 | Lair:2   | Noticed an oklob plant
  7570 | Lair:2   | Noticed a bog body
  7578 | Lair:2   | Killed a bog body
  7638 | Lair:3   | Reached XP level 12. HP: 81/132 MP: 1/25
  7801 | Lair:3   | Reached skill level 10 in Spellcasting
  7951 | Lair:3   | Noticed Fannar
  7998 | Lair:2   | Identified the +0 mace "Ubbiec" {antimagic, Dex+5 Stlth+}
  8013 | Lair:2   | Found a hole to the Spider Nest.
  8038 | Lair:2   | Found a staircase to the Swamp.
  8142 | Lair:3   | Identified the +3 war axe of Big Damage {spect, rPois
                  | rCorr}
  8184 | Lair:3   | You fall into a shaft and drop 2 floors!
  8184 | Lair:5   | Entered Level 5 of the Lair of Beasts
  8189 | Lair:5   | Reached skill level 13 in Fighting
  8211 | Lair:5   | Noticed a catoblepas
  8222 | Lair:5   | Killed a catoblepas
  8246 | Lair:5   | Reached skill level 14 in Fighting
  8402 | Lair:5   | Reached skill level 10 in Ice Magic
  8406 | Lair:5   | Noticed an eight-headed hydra
  8410 | Lair:5   | Noticed a four-headed hydra
  8412 | Lair:5   | Killed an eight-headed hydra
  8418 | Lair:5   | Killed a four-headed hydra
  8501 | Lair:5   | Noticed a five-headed hydra
  8507 | Lair:5   | Killed a five-headed hydra
  8578 | Lair:5   | Reached XP level 13. HP: 109/146 MP: 8/27
  8598 | Lair:5   | Found a runed translucent gate.
  8645 | Lair:5   | Found a runed translucent gate.
  8646 | Lair:5   | Found a runed translucent gate.
  8746 | Lair:5   | Found a staircase to the Slime Pits.
  9171 | Lair:5   | Reached skill level 15 in Fighting
  9180 | Lair:5   | Learned a level 7 spell: Ozocubu's Refrigeration
  9444 | Lair:5   | Found a corrupted altar of Lugonu.
  9444 | Lair:5   | Found a one-way gate to the infinite horrors of the Abyss.
 10067 | Lair:3   | Killed Fannar
 10278 | Lair:1   | Reached XP level 14. HP: 146/159 MP: 14/29
 10379 | D:10     | Entered Level 10 of the Dungeon
 10787 | D:10     | Found a burning altar of Makhleb.
 10825 | D:11     | Found a staircase to the Orcish Mines.
 10832 | Orc:1    | Entered Level 1 of the Orcish Mines
 10924 | Orc:2    | Entered Level 2 of the Orcish Mines
 10965 | Orc:2    | Found a staircase to the Elven Halls.
 11120 | Orc:2    | Noticed Donald
 11535 | D:11     | Found a portal to a secret trove of treasure.
 11941 | D:12     | Found a shadowy altar of Dithmenos.
 12310 | D:12     | Identified the +3 robe of Omission {rC+ Regen+ Str+3}
 12327 | D:12     | Identified the +1 scale mail of the Imp {Int+2}
 12344 | D:12     | Noticed Josephine
 12347 | D:12     | Killed Josephine
 12413 | D:12     | Found an iron altar of Okawaru.
 12485 | D:12     | Identified the -2 helmet of Patterns {Harm Int+2}
 12507 | D:12     | Identified the +5 sling "Cymim" {flame, rC+}
 12649 | D:13     | Reached skill level 1 in Shields
 12784 | D:13     | Noticed Snorg
 12792 | D:13     | Killed Snorg
 12793 | D:13     | Reached XP level 15. HP: 147/167 MP: 4/30
 12860 | D:13     | Acquired the ring of Gazotev {rN+ rCorr}
 13143 | D:14     | Noticed Roxanne
 13203 | D:14     | Noticed Lodul
 13214 | D:14     | Killed Lodul
 13240 | D:14     | Found Rusanemm's Antique Armour Shop.
 13258 | D:14     | Reached skill level 5 in Shields
 13430 | Abyss:2  | Cast into level 2 of the Abyss (a wizard)
 13661 | Abyss:2  | Reached skill level 1 in Stealth
 13741 | Abyss:2  | Noticed a cacodemon
 13754 | Abyss:2  | Killed a cacodemon
 13784 | Abyss:2  | Noticed an Executioner
 13791 | Abyss:2  | Mangled by an Executioner

Illustrated notes

Levels and vault maps discovered:
D:1:      dpeg_arrival_erosion, layout_loops_cross,
          chequers_serial_rivers_large_a, grunt_decor_resistance, minmay_cupped
D:2:      layout_basic, corexii_shack
D:3:      layout_rooms, mainiacjoe_overflow_cross_hatched, serial_shops, shop,
          minivault_25, minmay_surrounded, uniq_terence
D:4:      minmay_skewed_foursquare, layout_layer_cave,
          mainiacjoe_overflow_alcove_4, uniq_duvessa, uniq_edmund, uniq_pikel,
          uniq_robin, uniq_natasha, uniq_eustachio
D:5:      layout_rooms, mainiacjoe_overflow_big_doors, minmay_temple_entry_ruins
D:6:      layout_basic, mainiacjoe_overflow_24_doors
D:7:      layout_basic, nicolae_uskayaw_suspiria
D:8:      layout_basic, mainiacjoe_overflow_brackets, kennysheep_mini_moat,
          enter_bailey_1, kennysheep_pointless_box, kennysheep_generic_room_13
D:9:      layout_roguey, lemuel_crystal_altar, okawaru_trees_2,
          dpeg_oklobed_lair, uniq_prince_ribbit1
D:10:     layout_irregular_city, demons_altar, minmay_door_square
D:11:     layout_irregular_city, minmay_orc_entry_temple_small,
          nicolae_trove_entry_crossroad
D:12:     evilmike_iron_armoury, layout_cave_pools, nrook_loot_triangle,
          grunt_dithmenos_smoke, uniq_josephine
D:13:     layout_small_grid, david_vaults_1, minmay_between, uniq_snorg
D:14:     layout_roguey, serial_shops, shop, gauntlet_entry_generic,
          dreamdust_mushroom_princess, uniq_roxanne, uniq_lodul
Temple:   minmay_freezing_vapour_temple
Lair:1:   gammafunk_worm_tunnel, layout_chaotic_city, lemuel_fruit_tree
Lair:2:   layout_cave_pods, skrybe_swamp_entry_bodies,
          hellmonk_spider_entry_not_the_bees
Lair:3:   layout_regular_city, uniq_fannar
Lair:4:   layout_cave_pods
Lair:5:   hellmonk_lair_end_abyssal_woods, layout_cave_pods, slime_entry_1,
          gammafunk_ghost_icy, grunt_megastairs_1
Orc:1:    layout_caves, david_defended_altar_orc
Orc:2:    st_orc_congregation, layout_diamond_mine, uniq_donald
Abyss:2:  base: D:7, gammafunk_corrupted_shrine, small_statue_intersection,
          hangedman_relentless_pull

Skill      XL: |  1  2  3  4  5  6  7  8  9 10 11 12 13 14 15 |
---------------+----------------------------------------------+-----
Fighting       | 5 6 7 8 10 11 12 14 15 | 15.0
Spellcasting   | 2 3 4 5 6 7 8 9 10 11 12 | 12.0
Dodging        | 1 2 3 4 5 6 8 9 |  9.0
Throwing       | 1 |  1.0
Armour         | 1 2 5 7 9 |  9.0
Ice Magic      | 3 4 7 8 10 11 13 | 13.0
Conjurations   | 4 |  4.0
Air Magic      | 2 3 |  3.0
Evocations     | 1 2 |  2.0
Shields        | 2 6 |  6.9
Stealth        | 1 |  1.7
Polearms       | |  3.0
Fire Magic     | |  2.6

Action                   |  1- 3 |  4- 6 |  7- 9 | 10-12 | 13-15 || total
-------------------------+-------+-------+-------+-------+-------++-------
Melee: Spear             |   123 |   104 |       |       |       ||   227
       Halberd           |       |     3 |   141 |   130 |     1 ||   275
       War axe           |       |       |       |    45 |   362 ||   407
       Punch             |       |       |       |       |     5 ||     5
 Fire: Sling             |     7 |    14 |       |       |       ||    21
Throw: Boomerang         |     1 |       |       |       |     2 ||     3
       Dart              |       |     2 |     5 |    18 |    13 ||    38
       Throwing net      |       |       |     2 |     1 |       ||     3
       Javelin           |       |       |       |       |     1 ||     1
       Large rock        |       |       |       |       |     1 ||     1
 Cast: Scorch            |    14 |    35 |    77 |    82 |    61 ||   269
       Frozen Ramparts   |       |       |    17 |    29 |    45 ||    91
       Searing Ray       |       |       |     3 |     8 |       ||    11
       Freezing Cloud    |       |       |       |    17 |    63 ||    80
       Mephitic Cloud    |       |       |       |     4 |    11 ||    15
       Swiftness         |       |       |       |     1 |     1 ||     2
       Ozocubu's Refrige |       |       |       |       |     4 ||     4
Invok: Fiery Armour      |       |       |       |     1 |       ||     1
Evoke: Wand              |       |       |       |     2 |     2 ||     4
       Phantom mirror    |       |       |       |       |     1 ||     1
  Use: Scroll            |       |       |    15 |    10 |    12 ||    37
       Potion            |       |       |       |     1 |     2 ||     3
 Stab: Confused          |       |       |       |       |     2 ||     2
       Distracted        |       |       |       |       |     2 ||     2
Armor: Robe              |    30 |    40 |    62 |   139 |   137 ||   408
       Acid dragon scale |       |       |       |       |    74 ||    74
Dodge: Dodged            |    50 |    47 |    87 |   135 |   275 ||   594
Block: Other             |    17 |    25 |    51 |     5 |       ||    98
       Reflection        |       |     3 |       |       |       ||     3
